 Dungeon Crawl Stone Soup version 0.27-a0-3-gcf006a40f5 (webtiles) character file.

Game seed: 9973718628144492740

109 Conn the Firebug (level 4, -1/27 HPs)
             Began as an Octopode Fire Elementalist on Jan 1, 2021.
             Slain by an ogre
             ... wielding a +0 giant spiked club
              (28 damage)
             ... on level 4 of the Dungeon.
             The game lasted 00:05:50 (3186 turns).

Conn the Firebug (Octopode Fire Elementalist)       Turns: 3186, Time: 00:05:51

Health: -1/27      AC:  1    Str:  7    XL:     4   Next: 90%
Magic:  8/8        EV: 17    Int: 18    God:
Gold:   204        SH:  0    Dex: 12    Spells: 1/8 levels left

rFire    + . .     SeeInvis .   s - +0 dagger (speed)
rCold    . . .     Faith    .   (no shield)
rNeg     . . .     Spirit   .   (helmet restricted)
rPois    +         Reflect  .   (no amulet)
rElec    .         Harm     .   g - ring of poison resistance
rCorr    .         Rampage  .   p - ring of protection from fire
Will     .....                  q - +4 ring of evasion
Stlth    +++.......             (no ring)
HPRegen  0.09/turn              (no ring)
MPRegen  0.11/turn              (no ring)
                                (no ring)
                                (no ring)

@: no status effects
A: almost no armour, stealthy swim, amphibious, 8 rings, constrict 8, camouflage
1, gelatinous body 1
a: no special abilities


You were on level 4 of the Dungeon.
You visited 1 branch of the dungeon, and saw 4 of its levels.

You collected 204 gold pieces.

Inventory:

Hand Weapons
 e - a +0 short sword
 s - a +0 dagger of speed (weapon)
Missiles
 a - 31 poisoned darts
Jewellery
 g - a ring of poison resistance (left tentacle)
 p - a ring of protection from fire (right tentacle)
 q - a +4 ring of evasion (on tentacle)
Scrolls
 c - a scroll of magic mapping {unknown}
 f - a scroll of immolation {unknown}
 h - 3 scrolls of identify
 j - a scroll of enchant weapon {unknown}
 k - 3 scrolls of remove curse
 l - a scroll of random uselessness {unknown}
 m - a scroll of blinking {unknown}
 n - a scroll of teleportation {unknown}
 o - a scroll of fog {unknown}
 r - a scroll of amnesia {unknown}
Potions
 b - 2 potions of curing
 d - 2 potions of heal wounds {unknown}
 i - 2 potions of resistance {unknown}


   Skills:
 + Level 0.3 Fighting
 + Level 0.6 Short Blades
 + Level 2.1 Dodging
 + Level 3.3 Stealth
 + Level 2.8 Spellcasting
 + Level 1.8 Conjurations
 + Level 4.1 Fire Magic


You had one spell level left.
You knew the following spells:

 Your Spells              Type           Power        Failure   Level
a - Foxfire               Conj/Fire      52%          4%          1
b - Conjure Flame         Conj/Fire      13%          14%         3
c - Inner Flame           Hex/Fire       9%           22%         3

Your spell library contained the following spells:

 Spells                   Type           Power        Failure   Level
 Sticky Flame             Conj/Fire      13%          43%         4
 Fireball                 Conj/Fire      6%           80%         5


Dungeon Overview and Level Annotations

Branches:
Dungeon (4/15)
 Temple: D:4-7

Altars:
Dithmenos
Gozag
Qazlal
Xom
Zin


Innate Abilities, Weirdness & Mutations

You cannot wear most types of armour.
You are very stealthy in the water. (Stealth+)
You are amphibious.
You can wear up to eight rings at the same time.
You can use your tentacles to constrict eight enemies at once.
Your skin changes colour to match your surroundings (Stealth+).
Your rubbery body absorbs attacks. (AC +1, EV +1)


Message History

Your foxfire dissipates!
An ogre comes into view. It is wielding a +0 giant spiked club.
Found 12 gold pieces.
Casting: Foxfire (safe; 4% risk of failure)
Confirm with . or Enter, or press ? or * to list all spells.
Okay, then.
There is an open door here.
This spell is quite dangerous to cast!
Memorise Conjure Flame, consuming 3 spell levels and leaving 4?
You start memorising the spell.
You continue memorising. x3
You finish memorising.
Spell assigned to 'b'.
This spell is extremely dangerous to cast!
Memorise Inner Flame, consuming 3 spell levels and leaving 1?
You start memorising the spell.
You continue memorising. x3
You finish memorising.
Spell assigned to 'c'.
Okay, then.
Unknown command.
The ogre hits you with a +0 giant spiked club!!
Ouch! That really hurt!
You die...

#....... ##########.......
#................
#................
#.......##.......
#.......##.......
###########'########......[
#.........#.......##.......
#.........@.......#........
#........O#.......#........
#.........#.......#........
#.........#.......#........
#.......>.##########...<...
#...........$..O. .........
#..........................
#............####.####.....
#............#


You could see an ogre.

Vanquished Creatures
  A worker ant zombie (D:2)
  2 adders
  A white imp (D:3)
  An ooze (D:1)
  An adder zombie (D:2)
  2 worms
  A leopard gecko (D:2)
  4 orcs (D:3)
  3 giant cockroaches
  6 goblins
  4 hobgoblins
  7 jackals
  5 bats
  4 frilled lizards
  A jackal skeleton (D:4)
  2 jackal zombies (D:2)
  8 kobolds
  A quokka skeleton (D:2)
  4 rats
58 creatures vanquished.

Vanquished Creatures (collateral kills)
  A foxfire (D:2)
1 creature vanquished.

Vanquished Creatures (others)
  157 foxfires
  5 withered plants (D:2)
162 creatures vanquished.

Grand Total: 221 creatures vanquished

Notes
Turn   | Place    | Note
-------+----------+-------------------------------------------
     0 | D:1      | Conn the Octopode Fire Elementalist began the quest for the
                  | Orb.
     0 | D:1      | Reached XP level 1. HP: 11/11 MP: 3/3
   283 | D:1      | Reached XP level 2. HP: 17/17 MP: 0/5
   977 | D:2      | Reached skill level 4 in Fire Magic
   977 | D:2      | Reached XP level 3. HP: 19/21 MP: 0/6
  1150 | D:2      | Noticed an angel
  1153 | D:2      | Found a shimmering altar of Xom.
  1153 | D:2      | Found a glowing silver altar of Zin.
  1571 | D:2      | Reached XP level 4. HP: 21/27 MP: 3/7
  2239 | D:3      | Found a shadowy altar of Dithmenos.
  2952 | D:4      | Found an opulent altar of Gozag.
  3071 | D:4      | Noticed a fire elemental
  3073 | D:4      | Found a stormy altar of Qazlal.
  3172 | D:4      | Noticed an ogre
  3182 | D:4      | Learned a level 3 spell: Conjure Flame
  3186 | D:4      | Learned a level 3 spell: Inner Flame
  3186 | D:4      | Slain by an ogre

Illustrated notes

Levels and vault maps discovered:
D:1:      lemuel_arrival_behind_the_door_small, layout_basic
D:2:      layout_loops_cross, grunt_temple_overflow_order_and_chaos_1,
          serial_undead, serial_undead_b, serial_undead_a, serial_undead_f,
          serial_undead_d
D:3:      layout_basic, minmay_misc_feat_room, grunt_dithmenos_smoke
D:4:      layout_gridville, nicolae_gozag_cash_rules_everything_around_me,
          old_standard_altar, nicolae_qazlal_style_of_elements,
          gup_ossuary_entry_pyramid, uniq_duvessa

Skill      XL: |  1  2  3  4 |
---------------+-------------+-----
Fire Magic     | 4 |  4.1
Stealth        | 3 |  3.3
Fighting       | |  0.3
Short Blades   | |  0.6
Dodging        | |  2.1
Spellcasting   | |  2.8
Conjurations   | |  1.8

Action                   |  1- 3 |  4- 6 || total
-------------------------+-------+-------++-------
Melee: Unarmed           |     3 |       ||     3
       Short sword       |    15 |    12 ||    27
       Constrict         |     4 |     4 ||     8
       Tentacles         |     2 |     1 ||     3
 Cast: Foxfire           |    51 |    39 ||    90
  Use: Scroll            |     1 |     1 ||     2
 Stab: Sleeping          |       |     3 ||     3
Armor: Skin              |     7 |     2 ||     9
Dodge: Dodged            |    23 |    16 ||    39

Table legend: (Time is in decaauts)
 A = Elapsed time spent in this place.
 B = Non-inter-level travel time spent in this place.
 C = Inter-level travel time spent in this place.
 D = Time resting spent in this place.
 E = Time spent auto-exploring this place.
 F = Levels seen in this place.
 G = Mean time per level.
                   A        B        C        D        E       F      G
               +--------+--------+--------+--------+--------+-----+--------+
         Total |   3184 |   3064 |    120 |    105 |   2220 |   4 |  796.0 |
       Dungeon |   3184 |   3064 |    120 |    105 |   2220 |   4 |  796.0 |
               +--------+--------+--------+--------+--------+-----+--------+

Top non-repeatable levels by time:
     D:2: 1032 daAuts
     D:3: 968 daAuts
     D:1: 948 daAuts
     D:4: 234 daAuts
